Map: Newkirk Precinct TE (Void)

Players

gotQuail - Winner!

  • Race: Zerg Zerg
  • League: Diamond
  • Spawn Location: 7:00

Trizztein

  • Race: Terran Terran
  • League: Diamond
  • Spawn Location: 5:00

VOD

Have the link to the VOD?

Description

Time

  • Played on: Dec. 14, 2016, 8:07 p.m.
  • Length: 20:25
Show
View Real Time Build Order
Export as new Build Order

gotQuail Zerg - Winner!

Build Orders: Hatch First, Lurkers 

Get SALT Encoding   

  12  0:01  Drone  
  13  0:13  Overlord  
  13  0:18  Drone  
  14  0:31  Drone x2  
  17  0:35  Drone  
  17  0:53  Hatchery  
  17  0:55  Drone  
  17  0:59  Drone  
  17  1:01  Extractor  
  17  1:14  Spawning Pool  
  17  1:18  Drone  
  17  1:21  Drone  
  18  1:30  Drone  
  19  1:47  Overlord  
  19  1:50  Drone  
  20  2:01  Queen  
  20  2:05  Zergling x2  
  20  2:06  Queen  
  20  2:07  Zergling x2  
  26  2:16  Drone x2  
  26  2:17  Metabolic Boost  
  28  2:28  Drone x2  
  30  2:37  Queen  
  32  2:50  Pneumatized Carapace  
  32  2:56  Drone, Hatchery  
  32  2:59  Drone  
  33  3:05  Overlord  
  33  3:09  Drone  
  33  3:10  Drone  
  35  3:17  Evolution Chamber  
  34  3:25  Drone x2  
  34  3:26  Drone x2  
  38  3:28  Drone  
  38  3:29  Drone  
  40  3:37  Overlord  
  40  3:40  Drone x2  
  40  3:41  Drone  
  43  3:48  Zerg Ground Armor Level 1  
  43  3:51  Drone  
  43  3:53  Overlord  
  44  4:02  Drone x5  
  49  4:08  Extractor  
  47  4:11  Roach Warren  
  47  4:12  Overlord  
  45  4:23  Spore Crawler  
  45  4:24  Spore Crawler  
  43  4:28  Queen  
  43  4:29  Queen  
  47  4:33  Drone  
  47  4:35  Drone  
  47  4:36  Spore Crawler  
  47  4:37  Zergling x4  
  50  4:44  Zergling x2  
  50  4:45  Zergling x6  
  54  4:49  Lair  
  54  4:59  Roach x3  
  62  5:00  Roach  
  62  5:05  Roach x2  
  66  5:11  Baneling Nest  
  65  5:21  Drone x7  
  67  5:37  Queen  
  67  5:42  Drone x8  
  73  5:50  Overseer  
  73  5:54  Centrifical Hooks  
  73  6:08  Overlord x3  
  73  6:09  Overlord  
  73  6:20  Zerg Melee Weapons Level 1  
  73  6:23  Burrow  
  73  6:35  Overlord  
  73  6:36  Overlord x2  
  73  6:37  Drone x3  
  73  6:38  Drone x5  
  81  6:40  Hatchery, Extractor  
  81  6:42  Queen  
  81  6:50  Drone  
  82  6:55  Hydralisk Den  
  82  6:57  Extractor  
  82  7:01  Drone x11  
  84  7:04  Extractor  
  84  7:05  Extractor  
  89  7:18  Drone x3, Evolution Chamber, Infestation Pit  
  89  7:19  Drone  
  91  7:23  Spore Crawler  
  90  7:40  Muscular Augments  
  90  7:41  Hydralisk x6  
  101  7:54  Hive  
  101  7:58  Drone  
  101  7:59  Drone x10  
  112  8:08  Queen  
  112  8:09  Queen  
  112  8:11  Zerg Ground Armor Level 2  
  116  8:14  Drone, Zerg Missile Weapons Level 1  
  116  8:15  Drone x6  
  123  8:20  Overlord  
  123  8:22  Extractor  
  123  8:25  Glial Reconstitution  
  122  8:28  Hatchery  
  122  8:30  Drone x2, Extractor  
  122  8:31  Drone  
  122  8:32  Drone x3  
  126  9:02  Hydralisk  
  126  9:03  Hydralisk x8  
  144  9:11  Overlord  
  144  9:12  Overlord x8  
  144  9:23  Overseer  
  144  9:37  Overseer  
  144  9:38  Queen  
  146  9:41  Viper x5  
  161  9:48  Drone x2, Evolution Chamber  
  161  9:49  Drone x2, Evolution Chamber  
  161  9:51  Evolution Chamber  
  162  9:52  Evolution Chamber  
  162  9:55  Spore Crawler  
  162  9:58  Drone x16, Spine Crawler  
  174  10:14  Hydralisk x13  
  199  10:31  Extractor  
  199  10:32  Extractor  
  197  10:46  Zerg Missile Weapons Level 2, Spire  
  197  10:48  Spire  
  197  10:49  Zerg Ground Armor Level 3  
  193  11:18  Viper x2  
  173  12:03  Hatchery, Roach x6  
  173  12:04  Hydralisk  
  173  12:05  Hydralisk x10  
  199  12:12  Lurker Den  
  199  12:14  Zerg Flyer Weapons Level 1, Zerg Flyer Armor Level 1  
  148  13:01  Roach x3  
  148  13:02  Hydralisk x7, Roach x4  
  148  13:03  Hydralisk x3  
  182  13:10  Viper x3  
  191  13:28  Spine Crawler  
  191  13:29  Spine Crawler  
  191  13:30  Extractor  
  191  13:33  Spore Crawler  
  187  13:35  Zerg Missile Weapons Level 3, Zerg Melee Weapons Level 2, Spine Crawler x2  
  187  13:36  Extractor  
  187  13:38  Roach x3  
  198  13:46  Lurker x2  
  198  13:47  Lurker x2  
  198  13:48  Lurker x5  
  170  14:36  Spine Crawler  
  168  14:39  Zerg Flyer Armor Level 2, Zerg Flyer Weapons Level 2, Spine Crawler  
  165  15:03  Corruptor x11  
  171  15:41  Spine Crawler  
  171  15:42  Spine Crawler  
  148  15:47  Hydralisk  
  148  15:48  Hydralisk x7  
  142  15:53  Spine Crawler  
  131  15:59  Roach x8  
  142  16:05  Hydralisk x13  
  142  16:06  Hydralisk x3  
  142  16:08  Roach x13  
  199  16:26  Zerg Melee Weapons Level 3  
  179  17:16  Greater Spire, Zerg Flyer Weapons Level 3  
  177  17:24  Drone  
  177  17:25  Drone x8  
  136  17:46  Hydralisk  
  136  17:47  Hydralisk x7  
  136  17:49  Roach x11  
  172  17:51  Viper x2  
  178  18:42  Brood Lord  
  178  18:43  Brood Lord x10  
Show
View Real Time Build Order
Export as new Build Order

Trizztein Terran 

Build Orders: Reaper Expand, Hellion Banshee, Mech 

Get SALT Encoding   

  12  0:01  SCV  
  13  0:13  SCV  
  14  0:18  Supply Depot  
  14  0:25  SCV  
  15  0:40  SCV  
  15  0:41  Barracks  
  16  0:45  Refinery  
  16  0:52  SCV  
  17  1:04  SCV  
  18  1:16  SCV  
  19  1:31  Orbital Command  
  19  1:32  Reaper  
  20  1:43  Command Center  
  20  1:53  Supply Depot  
  20  1:57  SCV  
  21  2:04  Marine  
  22  2:12  Factory, SCV  
  23  2:23  Barracks Reactor  
  23  2:24  SCV  
  24  2:38  SCV  
  25  2:47  Refinery  
  25  2:50  SCV  
  26  2:57  Orbital Command  
  26  3:02  SCV  
  27  3:12  Starport  
  27  3:14  SCV  
  27  3:15  Hellion x2, Refinery  
  32  3:20  Barracks Tech Lab  
  32  3:26  SCV x2  
  34  3:38  SCV  
  34  3:39  SCV  
  34  3:40  Hellion  
  38  3:41  Supply Depot  
  38  3:43  Hellion  
  40  3:50  SCV  
  40  3:51  SCV  
  42  4:00  Cloaking Field, Banshee  
  42  4:02  SCV  
  46  4:03  SCV  
  46  4:05  Hellion x2  
  51  4:14  SCV  
  51  4:15  SCV  
  53  4:22  Armory  
  53  4:26  SCV  
  54  4:33  Supply Depot  
  54  4:36  Supply Depot  
  54  4:49  Command Center  
  54  4:55  Banshee, SCV x2  
  54  4:57  Supply Depot  
  59  5:00  Refinery  
  59  5:07  SCV x2  
  61  5:18  Barracks Reactor  
  61  5:19  Factory, SCV  
  62  5:21  Factory  
  56  5:37  Banshee  
  56  5:40  SCV x2  
  54  5:47  Hellion x2  
  58  5:51  Supply Depot  
  58  5:52  SCV x2  
  58  5:53  Engineering Bay  
  58  5:54  Supply Depot  
  60  6:03  Orbital Command  
  60  6:04  SCV x2  
  62  6:13  Cyclone  
  62  6:14  Cyclone  
  62  6:16  SCV  
  62  6:17  SCV  
  70  6:22  Cyclone x2  
  76  6:28  SCV  
  76  6:29  Factory Tech Lab, SCV  
  78  6:53  Cyclone x3  
  87  6:55  Terran Vehicle Weapons Level 1  
  87  6:57  Orbital Command, Armory  
  87  6:59  Supply Depot, SCV x2  
  87  7:00  Supply Depot  
  89  7:06  Missile Turret  
  89  7:10  Banshee  
  89  7:11  Missile Turret  
  89  7:13  SCV  
  89  7:14  Missile Turret  
  89  7:15  Refinery, SCV  
  94  7:17  Missile Turret  
  94  7:19  Refinery  
  94  7:21  Hellion x2  
  98  7:25  Siege Tank, SCV  
  98  7:27  SCV  
  98  7:28  SCV  
  104  7:37  SCV  
  104  7:39  SCV  
  106  7:46  SCV  
  106  7:49  SCV  
  108  7:52  SCV  
  108  7:53  Terran Vehicle And Ship Armor Level 1  
  108  7:56  Cyclone x3  
  108  7:57  Hellion  
  108  7:58  Hellion, SCV  
  123  7:59  Supply Depot  
  123  8:00  Raven, Supply Depot  
  125  8:18  SCV x3  
  128  8:22  Supply Depot  
  128  8:23  Supply Depot  
  128  8:26  Cyclone  
  131  8:27  Siege Tank  
  131  8:31  SCV x2  
  136  8:34  Command Center  
  136  8:38  Hellion x2  
  136  8:40  Supply Depot  
  140  8:45  SCV  
  140  8:46  Cyclone  
  144  8:50  Factory  
  144  8:52  Supply Depot x2, Factory  
  144  8:56  Starport Reactor  
  142  9:07  SCV  
  142  9:08  Siege Tank  
  142  9:09  Cyclone x2  
  154  9:10  Hellion  
  154  9:11  Terran Vehicle Weapons Level 2  
  154  9:18  Infernal Pre-Igniter  
  154  9:20  Liberator x2  
  154  9:21  Hellion  
  158  9:31  Hellion  
  164  9:41  Factory Reactor  
  164  9:42  Factory Tech Lab  
  164  9:53  Refinery  
  164  9:55  Planetary Fortress  
  164  9:59  Refinery  
  160  10:22  Siege Tank  
  160  10:23  Hellion x3  
  160  10:24  Hellion x2  
  173  10:30  Siege Tank  
  173  10:31  Terran Vehicle And Ship Armor Level 2  
  176  10:42  Liberator x2  
  161  10:47  Hellion x3  
  161  10:48  Hellion x3  
  173  10:54  Siege Tank  
  176  11:03  Siege Tank, Starport  
  176  11:05  Starport  
  176  11:09  Hellion x2  
  180  11:14  Missile Turret  
  180  11:19  Hellion  
  180  11:20  Hellion x2  
  186  11:27  Siege Tank  
  189  11:39  Terran Vehicle Weapons Level 3  
  187  11:48  Hellion  
  187  11:49  Siege Tank, Hellion x3  
  198  12:00  Liberator x2  
  178  12:02  Hellion x2  
  186  12:15  Siege Tank, Hellion  
  186  12:16  Hellion x2  
  186  12:21  Siege Tank  
  183  12:47  Hellion x6  
  183  12:48  Siege Tank  
  170  12:53  Siege Tank  
  170  12:56  Terran Vehicle And Ship Armor Level 3  
  156  13:08  Starport Tech Lab, Hellion x2  
  156  13:12  Fusion Core  
  160  13:18  Viking x2  
  158  13:20  Siege Tank  
  158  13:21  Command Center  
  158  13:22  Command Center  
  158  13:25  Siege Tank  
  158  13:26  Viking x2  
  168  13:48  Viking  
  170  13:51  SCV  
  170  13:53  Hellion x2  
  175  13:56  Viking  
  175  13:57  Viking x2  
  181  14:03  Advanced Ballistics  
  175  14:14  Siege Tank  
  175  14:15  Siege Tank, Hellion x3  
  175  14:16  Terran Ship Weapons Level 1  
  181  14:32  Viking x4  
  189  14:42  Hellion x2  
  189  14:45  Marine  
  191  14:46  Siege Tank  
  191  14:47  Siege Tank  
  196  15:02  Raven  
  200  15:14  Hellion  
  194  15:36  Hellion x2  
  180  15:56  Siege Tank, Hellion x5  
  193  16:03  Hellion x2  
  193  16:17  Hellion x2  
  195  16:21  Sensor Tower  
  195  16:39  Raven  
  193  16:40  Battlecruiser  
  199  16:50  Refinery  
  193  16:54  Hellion  
  193  16:55  Hellion  
  173  17:04  Siege Tank x2  
  142  17:16  Refinery  
  142  17:17  Sensor Tower  
  142  17:20  Refinery  
  140  17:27  Hellion x6  
  140  17:28  Terran Ship Weapons Level 2  
  129  17:31  Battlecruiser, Viking  
  129  17:36  Siege Tank x2  
  105  17:44  Battlecruiser  
  105  17:48  Hellion x2  
  105  17:49  Hellion  
  114  17:51  Hellion  
  114  17:52  Hellion  
  118  17:58  Planetary Fortress  
  118  18:08  Siege Tank x2  
  124  18:22  Hellion x3  
  130  18:29  Hellion x2  
  134  18:39  Hellion  
  134  18:40  Siege Tank x2  
  142  18:47  Weapon Refit  
  142  18:51  Cyclone x2  
  142  18:52  Hellion x2, Cyclone  
  155  19:00  Hellion  
  157  19:12  Siege Tank  
  157  19:13  Hellion  
  160  19:22  Viking x3  
  115  19:46  Viking  
  115  19:52  Viking x2  
Tags
 
Add a new tag
Caveats
  • Supply blocks, unpowered buildings, or Contaminate may cause inaccurate times.
  • Supply counts are checked every 10 seconds.